Map: 로스트 앤 파운드 - 래더

Players

LiquidSnute (Snute)

  • Race: Zerg Zerg
  • League: Grandmaster
  • Spawn Location: 7:00

FanTaSy - Winner!

  • Race: Terran Terran
  • League: Diamond
  • Spawn Location: 1:00

Event: HomeStory Cup XVII

VOD

Have the link to the VOD?

Description

Time

  • Played on: June 29, 2018, 3:45 p.m.
  • Length: 20:05

All games in this series

Show
View Real Time Build Order
Export as new Build Order

LiquidSnute Zerg 

Build Orders: Pool First, Roach Hydra 

Get SALT Encoding   

  12  0:00  Drone  
  13  0:12  Overlord  
  13  0:16  Drone  
  14  0:30  Drone x2  
  14  0:34  Drone  
  17  0:43  Spawning Pool  
  17  0:48  Drone  
  17  1:07  Hatchery  
  17  1:10  Drone  
  17  1:13  Drone  
  17  1:17  Drone  
  19  1:21  Extractor  
  18  1:29  Queen  
  18  1:31  Zergling x2  
  21  1:38  Overlord  
  21  1:49  Drone  
  22  2:00  Drone  
  23  2:05  Queen  
  25  2:10  Drone  
  26  2:19  Drone  
  26  2:20  Queen  
  26  2:21  Drone  
  30  2:23  Metabolic Boost  
  30  2:36  Drone  
  30  2:37  Overlord, Drone x2  
  30  2:38  Drone  
  30  2:41  Drone  
  34  2:45  Drone  
  35  2:52  Overlord  
  35  2:55  Drone  
  36  3:03  Hatchery, Drone  
  36  3:09  Overlord  
  36  3:13  Drone  
  36  3:15  Drone x3  
  36  3:16  Drone  
  36  3:18  Drone  
  42  3:20  Drone  
  42  3:22  Drone  
  42  3:25  Drone  
  45  3:28  Queen  
  47  3:34  Drone  
  47  3:35  Drone  
  47  3:40  Extractor, Queen  
  50  3:45  Drone  
  50  3:46  Drone, Roach Warren  
  50  3:47  Drone  
  52  3:49  Drone  
  52  3:54  Extractor, Zergling x6  
  55  3:56  Zergling x2  
  55  3:59  Overlord  
  56  4:03  Queen  
  58  4:11  Overlord  
  58  4:15  Queen  
  58  4:16  Queen  
  62  4:26  Roach x4  
  70  4:31  Spore Crawler  
  70  4:32  Spore Crawler  
  68  4:40  Roach x2  
  70  4:47  Drone  
  70  4:48  Spore Crawler, Drone x3  
  70  4:49  Drone  
  73  4:55  Drone x2  
  73  4:56  Drone  
  73  4:59  Drone  
  73  5:00  Drone  
  73  5:02  Drone  
  73  5:04  Drone  
  76  5:10  Drone x4  
  76  5:13  Drone x2  
  80  5:18  Drone  
  80  5:19  Drone x3  
  80  5:20  Drone  
  82  5:27  Lair  
  82  5:31  Evolution Chamber  
  82  5:32  Evolution Chamber  
  82  5:33  Drone x2  
  82  5:40  Overlord  
  82  5:44  Overlord  
  82  5:45  Overlord  
  81  5:50  Overlord  
  81  5:51  Drone  
  81  5:56  Overlord  
  82  5:58  Extractor x2  
  82  5:59  Drone x10  
  82  6:02  Zerg Missile Weapons Level 1  
  90  6:06  Drone x3  
  92  6:13  Drone x2  
  92  6:16  Extractor  
  93  6:28  Zerg Ground Armor Level 1, Glial Reconstitution  
  93  6:32  Infestation Pit, Drone x2, Roach  
  96  6:33  Hydralisk Den, Roach x2  
  96  6:34  Hatchery  
  96  6:37  Overlord  
  98  6:40  Drone x3  
  98  6:41  Drone  
  98  6:42  Drone x2  
  104  6:53  Overlord  
  104  6:58  Roach x9  
  122  7:03  Grooved Spines  
  122  7:04  Overlord x2  
  122  7:13  Roach x4  
  130  7:18  Hive  
  130  7:22  Spire  
  129  7:25  Ravager  
  129  7:29  Roach  
  132  7:30  Roach x5  
  142  7:43  Roach x2  
  146  7:55  Spore Crawler x2  
  146  7:57  Overlord x3  
  146  7:58  Zerg Missile Weapons Level 2  
  144  7:59  Drone  
  144  8:00  Drone x6  
  151  8:12  Extractor  
  150  8:13  Overlord  
  150  8:14  Overlord x3  
  150  8:16  Extractor, Muscular Augments  
  150  8:17  Hydralisk, Drone x3  
  150  8:18  Hydralisk x4  
  162  8:24  Zerg Ground Armor Level 2  
  162  8:31  Viper  
  165  8:39  Ravager  
  166  8:44  Hydralisk x4  
  174  8:51  Spore Crawler  
  174  8:52  Spore Crawler  
  174  8:53  Greater Spire  
  172  8:58  Roach x7  
  186  9:03  Hatchery  
  185  9:12  Overseer  
  185  9:17  Hydralisk x3  
  185  9:18  Hydralisk x4  
  199  9:33  Spore Crawler, Drone x2  
  199  9:34  Spore Crawler, Drone  
  199  9:35  Spore Crawler  
  199  9:39  Overseer  
  199  9:43  Overseer  
  199  10:01  Ravager  
  199  10:06  Zerg Flyer Weapons Level 1  
  200  10:09  Spore Crawler x2  
  200  10:10  Spore Crawler  
  200  10:12  Pneumatized Carapace  
  195  10:37  Zerg Missile Weapons Level 3  
  195  10:39  Corruptor x4  
  195  11:06  Zerg Ground Armor Level 3  
  193  11:15  Brood Lord  
  193  11:16  Brood Lord x3  
  169  11:27  Corruptor x3  
  169  11:39  Corruptor x2  
  165  11:42  Hydralisk x4  
  165  11:43  Roach  
  165  11:44  Roach x14  
  189  11:58  Brood Lord x3  
  192  12:09  Zerg Flyer Weapons Level 2  
  192  12:10  Brood Lord  
  194  12:20  Brood Lord  
  196  12:32  Hatchery  
  169  13:14  Zerg Melee Weapons Level 1  
  169  13:18  Roach x8  
  171  13:21  Hydralisk x12  
  171  13:24  Roach  
  171  13:25  Roach x3  
  187  13:28  Queen x3  
  187  13:33  Roach x3  
  191  13:40  Hydralisk, Roach x2  
  197  13:42  Ravager x4  
  197  13:48  Hydralisk  
  200  14:00  Viper x3  
  198  14:07  Roach  
  198  14:08  Roach x6  
  192  14:10  Hatchery  
  192  14:13  Queen x2, Ravager x3  
  198  14:19  Hydralisk x3  
  192  14:29  Adrenal Glands  
  177  14:33  Swarm Host  
  177  14:35  Roach  
  177  14:37  Roach  
  184  14:44  Ravager  
  184  14:45  Ravager  
  186  14:46  Zergling x2  
  186  14:47  Zergling x24  
  197  15:01  Roach  
  199  15:09  Ravager  
  199  15:11  Zerg Melee Weapons Level 2  
  200  15:18  Hydralisk  
  200  15:21  Ravager  
  200  15:34  Hatchery  
  199  15:43  Hatchery  
  151  16:12  Hydralisk  
  151  16:13  Hydralisk x5  
  151  16:16  Viper x2  
  160  16:21  Roach x7  
  160  16:23  Queen x2  
  178  16:28  Zerg Flyer Weapons Level 3  
  178  16:30  Baneling Nest  
  177  16:35  Roach  
  177  16:36  Roach x3  
  186  16:40  Ravager x4  
  186  16:41  Ravager  
  186  16:45  Roach x5  
  199  17:11  Hatchery  
  199  17:12  Spore Crawler  
  199  17:14  Spore Crawler  
  199  17:15  Spore Crawler  
  195  17:19  Centrifical Hooks  
  193  17:24  Hydralisk x2  
  199  17:35  Hatchery  
  198  17:42  Hydralisk  
  198  17:59  Hatchery  
  198  18:01  Roach x6  
  196  18:08  Unknown x2  
  196  18:09  Unknown x2  
  196  18:11  Hydralisk x13  
  196  18:12  Hydralisk  
  194  18:24  Hydralisk  
  194  18:25  Hydralisk x13  
  168  18:28  Roach  
  168  18:29  Ravager x2  
  123  19:06  Viper x2  
  125  19:17  Viper  
  97  19:49  Hatchery  
Show
View Real Time Build Order
Export as new Build Order

FanTaSy Terran - Winner!

Build Orders: Gas First Reaper Expand, Reaper Expand, Bio Tank, Banshee Rush 

Get SALT Encoding   

  12  0:00  SCV  
  13  0:12  SCV  
  14  0:17  Supply Depot  
  14  0:24  SCV  
  15  0:29  Refinery  
  15  0:39  SCV  
  16  0:43  Barracks  
  16  0:51  SCV  
  17  1:03  SCV  
  18  1:15  SCV  
  19  1:30  Orbital Command  
  19  1:31  Reaper  
  20  1:41  Command Center  
  20  1:51  Factory  
  20  1:55  SCV  
  21  2:03  Refinery  
  21  2:08  SCV, Barracks Reactor  
  22  2:11  Supply Depot  
  22  2:20  SCV  
  23  2:33  SCV  
  23  2:36  Starport  
  24  2:41  Factory Tech Lab  
  24  2:44  Marine x2  
  25  2:45  SCV  
  27  2:52  Orbital Command  
  27  2:58  SCV  
  28  3:10  SCV  
  29  3:18  Cloaking Field, Banshee, Hellion x2  
  36  3:21  SCV  
  36  3:22  SCV  
  36  3:23  Barracks Tech Lab  
  38  3:33  SCV  
  39  3:34  SCV  
  39  3:39  Supply Depot  
  39  3:41  Hellion x2  
  44  3:45  Stimpack, SCV  
  44  3:47  SCV  
  46  4:00  SCV x2  
  46  4:01  Supply Depot, Banshee  
  51  4:12  SCV x2  
  53  4:17  Command Center  
  52  4:24  Supply Depot, SCV x2  
  54  4:35  Barracks  
  54  4:37  Factory Reactor  
  55  4:39  SCV x2, Barracks  
  56  4:51  Engineering Bay, Marine  
  56  4:52  SCV x2  
  59  4:54  Engineering Bay  
  59  5:04  Refinery x2, SCV x2  
  61  5:08  Marine  
  62  5:16  SCV x2  
  64  5:22  Terran Infantry Weapons Level 1  
  64  5:23  Terran Infantry Armor Level 1  
  64  5:26  Marine  
  64  5:28  Starport Reactor, SCV  
  66  5:29  Marine x2  
  66  5:32  Orbital Command  
  66  5:33  Barracks  
  66  5:35  Siege Tank, Barracks  
  68  5:36  Marine  
  68  5:37  Marine  
  68  5:40  SCV x2  
  73  5:49  Marine x3  
  76  5:50  Combat Shield  
  76  5:54  SCV x2, Marine  
  76  5:55  Marine  
  80  6:02  Supply Depot x2  
  80  6:03  Orbital Command  
  80  6:06  SCV x2  
  80  6:08  Medivac  
  84  6:13  Marine  
  85  6:23  Siege Tank, Marine x4, Medivac  
  85  6:25  Supply Depot, SCV x2  
  91  6:28  Barracks Reactor  
  91  6:29  Barracks Reactor  
  91  6:30  SCV  
  94  6:33  Supply Depot  
  94  6:38  SCV x2  
  96  6:40  Medivac  
  96  6:42  SCV  
  96  6:45  Armory  
  99  6:47  Marine x3  
  99  6:48  Supply Depot  
  99  6:50  SCV  
  99  6:51  SCV  
  99  6:53  Medivac  
  106  6:54  SCV  
  106  6:57  Marine x2  
  106  6:59  Siege Tank  
  112  7:02  SCV  
  112  7:04  Marine x2  
  112  7:07  SCV x2  
  117  7:10  Supply Depot  
  117  7:11  Supply Depot  
  117  7:12  Supply Depot  
  117  7:14  Refinery, SCV  
  117  7:15  Refinery, Factory  
  118  7:17  Marine x2  
  118  7:18  Marine x5  
  125  7:31  SCV  
  125  7:32  SCV x2  
  125  7:34  Marine x2  
  125  7:35  Marine x4, Medivac  
  125  7:36  Siege Tank, Marine x2, Medivac  
  141  7:51  Supply Depot  
  142  7:53  Supply Depot  
  142  7:54  Supply Depot  
  142  7:56  Marine x2  
  142  7:57  Marauder, Marine x6  
  149  8:02  Factory Tech Lab  
  149  8:04  Terran Infantry Armor Level 2, Terran Infantry Weapons Level 2  
  149  8:09  Supply Depot  
  149  8:10  Supply Depot  
  149  8:16  Marine x8  
  149  8:18  Marauder  
  149  8:19  Terran Vehicle Weapons Level 1  
  159  8:22  Concussive Shells  
  159  8:24  Supply Depot  
  159  8:30  Siege Tank x2  
  159  8:34  Marine x2  
  167  8:40  Medivac x2  
  171  8:47  Marine x2  
  171  8:48  Marauder, Marine x4  
  179  8:51  Marine x2  
  179  8:54  Supply Depot  
  181  9:05  Marine  
  182  9:11  Marine x2, Command Center  
  182  9:12  Marauder, Marine x5  
  191  9:18  Siege Tank x2  
  191  9:22  Medivac x2  
  195  9:29  Sensor Tower  
  195  9:37  Barracks  
  195  9:38  Barracks  
  195  9:41  Barracks  
  195  9:44  Marine x3  
  195  9:45  Marauder  
  197  10:04  Siege Tank  
  199  10:21  Supply Depot  
  199  10:24  Terran Vehicle Weapons Level 2, Terran Infantry Armor Level 3, Terran Infantry Weapons Level 3  
  199  10:27  Planetary Fortress  
  196  10:29  Barracks Tech Lab x3  
  196  10:35  Marauder  
  196  11:03  Marauder x3  
  196  11:04  Marauder  
  195  11:06  Marine  
  195  11:07  Marine  
  186  11:22  Supply Depot  
  186  11:23  Supply Depot x2  
  186  11:24  Supply Depot  
  166  11:26  Supply Depot  
  166  11:29  Marine  
  164  11:34  SCV  
  164  11:35  SCV x2  
  164  11:37  Marine  
  164  11:38  Marine x2  
  164  11:39  Marine x2  
  164  11:40  Marine  
  164  11:42  Supply Depot  
  164  11:43  Supply Depot, Marine  
  164  11:44  Marauder x3  
  164  11:45  Marauder, Siege Tank x2  
  164  11:46  SCV  
  164  11:47  SCV x2, Marine  
  180  11:55  Marine  
  180  11:56  Marine x3  
  180  11:57  Starport, Marine, Viking x2  
  180  11:58  Starport, Marine  
  186  12:01  Marine  
  186  12:05  SCV x3  
  184  12:11  Marauder x3, Marine  
  184  12:12  Marauder  
  184  12:13  Marine  
  184  12:14  Marine x3  
  184  12:15  Marine  
  197  12:16  Marine  
  197  12:19  Marine  
  200  12:36  Refinery  
  200  12:40  Terran Ship Weapons Level 1  
  200  12:41  Starport Reactor, Starport Tech Lab  
  200  12:46  Command Center  
  197  12:59  Command Center  
  197  13:00  Command Center  
  189  13:13  Marauder x4, Marine x6  
  189  13:19  Siege Tank x2  
  198  13:20  Viking  
  198  13:31  Marine x8  
  197  13:34  Marauder x2  
  199  13:53  Liberator x2  
  198  13:55  Marauder  
  198  13:56  Fusion Core, Liberator x2  
  190  14:02  SCV  
  190  14:03  SCV x2  
  190  14:06  Siege Tank x2  
  173  14:10  Raven, Unknown x3  
  173  14:12  Orbital Command x2  
  173  14:15  SCV x2  
  182  14:29  Planetary Fortress  
  160  14:44  Siege Tank x2  
  160  14:45  Advanced Ballistics  
  166  14:48  Terran Vehicle And Ship Armor Level 1  
  166  14:59  Marauder  
  174  15:00  Marauder x3, Liberator x3  
  174  15:01  Marine x6  
  174  15:02  Marine x2  
  182  15:09  Liberator  
  182  15:19  Marine x2  
  193  15:21  Refinery  
  193  15:22  Refinery  
  196  15:32  Marauder x2  
  200  15:49  Refinery  
  200  15:50  Command Center x2  
  200  15:51  Liberator x2  
  200  16:00  Marauder x2, Marine x3  
  200  16:01  Marauder x2, Marine x3  
  184  16:07  Siege Tank  
  184  16:08  Siege Tank  
  167  16:19  Marine x8  
  167  16:22  Marauder x4  
  183  16:28  Medivac  
  183  16:29  Medivac  
  183  16:32  Refinery  
  187  16:37  Marine x2  
  189  16:46  Marauder x2, Marine x3  
  189  16:47  Marauder x2  
  200  16:51  Command Center  
  200  17:27  Orbital Command x2  
  196  17:41  Ghost Academy  
  196  17:42  Ghost Academy  
  196  17:43  Liberator x2  
  197  18:06  Liberator x2  
  182  18:13  Ghost x3  
  182  18:14  Marine x8, Ghost  
  182  18:16  Siege Tank  
  199  18:23  Raven  
  199  18:26  Liberator x2  
  194  18:32  Marine x7  
  188  18:42  Ghost x4  
  165  18:55  Marine x8  
  173  19:06  Medivac x3  
  173  19:08  Orbital Command  
  178  19:11  Marauder x3  
  178  19:12  Marauder, Marine x2  
  187  19:19  Marine x2  
  187  19:20  Marine x3  
  191  19:26  Medivac  
  193  19:32  Marauder, Ghost x3  
Tags
 
Add a new tag
Caveats
  • Supply blocks, unpowered buildings, or Contaminate may cause inaccurate times.
  • Supply counts are checked every 10 seconds.